 Dungeon Crawl Stone Soup version 0.25-a0-201-g0bb11aece9 (webtiles) character file.

Game seed: 6764039807527772729, levelgen mode: deterministic

61541 floatRand the End of an Era (level 14, -5/92 (93) HPs)
             Began as a Demonspawn Gladiator on Dec 2, 2019.
             Was the Champion of Qazlal.
             Slain by a death yak (16 damage)
             ... on level 6 of the Lair of Beasts.
             The game lasted 00:24:56 (15609 turns).

floatRand the End of an Era (Demonspawn Gladiator) Turns: 15609, Time: 00:24:57

HP:   -5/92 (93)    AC: 21    Str: 16    XL:     14   Next: 61%
MP:   25/25         EV: 11    Int: 11    God:    Qazlal [******]
Gold: 953           SH: 20    Dex: 19    Spells: 13/13 levels left

rFire    + . .     SeeInvis .   u - +10 war axe of Wokyeg {freeze, +Rage Dex+2 Stlth+}
rCold    . . .     Gourm    .   h - +0 shield
rNeg     . . .     Faith    .   Y - +3 chain mail {rF+}
rPois    +         Spirit   .   Q - +2 hat {MR+}
rElec    .         Reflect  .   q - +1 cloak
rCorr    .         Harm     +   (no gloves)
MR       ++...                  I - +0 pair of boots
Stlth    +.........             p - amulet of harm
HPRegen  2.25/turn              c - ring of poison resistance
MPRegen  0.19/turn              (no ring)

@: protected from physical damage, repel missiles
A: antennae 1, claws 2, hooves 2, powered by death 2, spiny 1
a: Upheaval, Elemental Force, Disaster Area, Renounce Religion, Evoke Berserk
Rage


You were on level 6 of the Lair of Beasts.
You worshipped Qazlal.
Qazlal was exalted by your worship.
You were not hungry.

You visited 3 branches of the dungeon, and saw 19 of its levels.
You also visited: Gauntlet and Volcano.

You collected 1208 gold pieces.
You spent 255 gold pieces at shops.

Inventory:

Hand Weapons
 t - a +2 scimitar of protection
 u - the +10 war axe of Wokyeg (weapon) {freeze, +Rage Dex+2 Stlth+}
   (You found it on level 4 of the Dungeon)

   It has been specially enchanted to freeze those struck by it, causing extra
   injury to most foes and up to half again as much damage against particularly
   susceptible opponents.
   It can also slow down cold-blooded creatures.
   It affects your dexterity (+2).
   It lets you go berserk.
   It makes you more stealthy.
 U - a +2 demon blade of flaming
Missiles
 d - 3 throwing nets (quivered)
 k - 4 curare-tipped darts
Armour
 h - a +0 shield (worn)
 l - a +0 large shield
 q - a +1 cloak (worn)
 I - a +0 pair of boots (worn)
 P - a +1 hat of intelligence
 Q - a +2 hat of magic resistance (worn)
 V - the cursed +0 hat of the Many Places {*Slow rF++ rN+}
   (You found it on level 5 of the Lair of Beasts)

   It greatly protects you from fire.
   It protects you from negative energy.
   It may slow you when you take damage.
   It has a curse placed upon it.
 W - +0 fire dragon scales
 Y - a +3 chain mail of fire resistance (worn)
Jewellery
 c - a ring of poison resistance (left claw)
 m - an uncursed ring of ice
 p - an amulet of harm (around neck)
Wands
 a - a wand of flame (20)
 j - a wand of polymorph (16)
 r - a wand of acid (13)
 x - a wand of random effects (19)
 H - a wand of clouds (4)
 L - a wand of paralysis (13)
 R - a wand of enslavement (10)
 S - a wand of iceblast (11)
Scrolls
 e - 6 scrolls of remove curse
 n - 8 scrolls of teleportation
 o - 3 scrolls of enchant armour
 s - 5 scrolls of enchant weapon
 v - a scroll of magic mapping
 y - 2 scrolls of fog
 B - 2 scrolls of amnesia
 D - 3 scrolls of identify
 O - 2 scrolls of blinking
Potions
 g - 2 potions of flight
 i - 4 potions of heal wounds
 A - 3 potions of mutation
 C - 3 potions of agility
 E - 2 potions of might
 F - 4 potions of resistance
 G - 3 potions of brilliance
 J - 4 potions of curing
 K - a potion of ambrosia
 M - a potion of lignification
 N - 3 potions of cancellation
 X - a potion of berserk rage
Comestibles
 f - 28 rations


   Skills:
 - Level 3.2 Fighting
 - Level 4.2 Long Blades
 + Level 11.6 Axes
 - Level 1.7 Throwing
 + Level 6.3 Armour
 + Level 7.9 Dodging
 - Level 3.6 Stealth
 + Level 11.1 Shields
 + Level 15.3 Invocations
 + Level 9.2 Evocations


You had 13 spell levels left.
You didn't know any spells.
Your spell library contained the following spells:

 Spells                   Type           Power        Failure   Level  Hunger
 Animate Skeleton         Necr           N/A          100%        1    ##.....
 Beastly Appendage        Tmut           #.....       100%        1    ##.....
 Magic Dart               Conj           #...         100%        1    ##.....
 Pain                     Necr           #...         100%        1    ##.....
 Blink                    Tloc           N/A          100%        2    ###....
 Call Imp                 Summ           #.......     100%        2    ###....
 Poisonous Vapours        Pois/Air       #.....       100%        2    ###....
 Slow                     Hex            #.......     100%        2    ###....
 Sticks to Snakes         Tmut           #.......     100%        2    ###....
 Throw Frost              Conj/Ice       #.....       100%        2    ###....
 Conjure Flame            Conj/Fire      #.......     100%        3    ####...
 Mephitic Cloud           Conj/Pois/Air  #.......     100%        3    ####...
 Regeneration             Chrm/Necr      #.........   100%        3    ####...
 Spider Form              Tmut/Pois      #.........   100%        3    ####...
 Vampiric Draining        Necr           #.........   100%        3    ####...
 Animate Dead             Necr           N/A          100%        4    #####..
 Ice Form                 Ice/Tmut       #.......     100%        4    #####..
 Throw Icicle             Conj/Ice       #.......     100%        4    #####..
 Blade Hands              Tmut           #.........   100%        5    ######.
 Freezing Cloud           Conj/Ice/Air   #.........   100%        6    #######
 Orb of Destruction       Conj           #.........   100%        7    #######
 Ring of Flames           Chrm/Fire      #.........   100%        7    #######
 Spellforged Servitor     Conj/Summ      #.........   100%        7    #######


Dungeon Overview and Level Annotations

Branches:
Dungeon (12/15)            Temple (1/1) D:4            Lair (6/6) D:11
 Shoals (0/4) Lair:4       Spider (0/4) Lair:3        Slime (0/5) Lair:5
    Orc (0/2) D:9         Volcano (visited)         Gauntlet (visited)

Altars:
Cheibriados
Dithmenos
Elyvilon
Fedhas
Hepliaklqana
Makhleb
Nemelex Xobeh
Qazlal
Ru
Sif Muna
Vehumet
Wu Jian
Yredelemnul
Zin
Jiyva

Shops:
D:11 !   D:12 :

Annotations:
Lair:2 3 runed translucent doors, Bojesaq's ghost, journeyman KoGl


Innate Abilities, Weirdness & Mutations

You have a pair of small antennae on your head.
You have very sharp fingernails.
You have hoof-like feet.
You regenerate health from kills.
You are partially covered in sharp spines.


Message History

Your chain mail prevents you from hitting the death yak.
You hit the death yak. You freeze the death yak.
You block the death yak's attack. The death yak gores you!
You are too injured to fight recklessly!
You hear a bellow!
You block the death yak's attack. The death yak gores you!
* * * LOW HITPOINT WARNING * * *
The death yak is struck by your spines.
The death yak gores you but does no damage.
You are too injured to fight recklessly!
Unknown command.
You are too injured to fight recklessly!
You slash the death yak! You freeze the death yak.
You kill the death yak!
Qazlal accepts your kill.
You slash the death yak! You freeze the death yak.
You kill the death yak!
Qazlal accepts your kill.
You slash the death yak! You freeze the death yak. The death yak gores you!
You die...

P.. ##...
#..#### ##.....
##..P#.# .#.#...
#......##..#....
#...........<...
#....°§.☼.......
##...†.Y§.○.....
#...†.☼.@§......
#....°.††○......
##...°.○........
#..........<....
##..............
##.............
########......
######


You could see a death yak.

Vanquished Creatures
  Jorgrun (D:12)
  A minotaur (Gauntlet)
  A fire dragon (Volcano)
  A hydra (Lair:1)
  Erolcha (D:9)
  Erica (D:9)
  4 two-headed ogres
  15 death yaks
  4 sixfirhies (Gauntlet)
  5 skeletal warriors
  An unseen horror (D:12)
  A lindwurm (Volcano)
  An ugly thing (D:11)
  3 cyclopes
  4 elephants (Lair:5)
  A merfolk siren (Lair:4)
  The ghost of bmj180 the Chopper, a novice MiFi (D:5)
  A smoke demon (Gauntlet)
  2 black mambas
  7 spiny frogs
  A rime drake (Lair:5)
  A kobold demonologist (D:12)
  12 komodo dragons
  A red devil (Gauntlet)
  A troll (D:11)
  3 hornets (Gauntlet)
  Prince Ribbit (D:7)
  13 blink frogs
  Sigmund (D:5)
  10 hippogriffs
  2 redbacks (Lair:3)
  79 yaks
  A shadow (D:11)
  A vampire (D:10)
  3 wyverns
  2 steam dragons
  2 basilisks
  14 water moccasins
  3 hell hounds (Volcano)
  5 porcupines
  4 orc warriors
  4 ice beasts
  3 sky beasts
  A necrophage (D:11)
  2 phantoms
  A black bear (D:8)
  An ogre (D:7)
  10 wolves
  4 centaurs
  13 crocodiles
  4 big kobolds
  17 bullfrogs
  A wyvern zombie (D:10)
  3 scorpions
  11 wights
  5 killer bees (D:12)
  3 howler monkeys
  7 crimson imps
  3 quasits
  A gnoll shaman (D:4)
  3 jellies
  2 bullfrog skeletons
  9 hounds
  8 orc wizards
  9 orc priests
  Jessica (D:2)
  3 iguanas
  Natasha (thrice) (D:2)
  4 worker ants
  A killer bee zombie (D:6)
  A hound skeleton (D:5)
  A worker ant zombie (D:7)
  24 adders
  12 gnolls
  4 shadow imps
  An ooze (D:2)
  An adder skeleton (D:9)
  2 worms (D:3)
  A dart slug (D:2)
  3 leopard geckos
  34 orcs
  3 ball pythons
  6 giant cockroaches
  6 goblins
  5 hobgoblins
  5 jackals
  5 quokkas
  3 bats (D:2)
  7 frilled lizards
  26 kobolds
  2 leopard gecko zombies
  A quokka skeleton (D:2)
  3 rats
  A butterfly (Lair:5)
  A fungus (Lair:3)
  A plant (Lair:3)
512 creatures vanquished.

Vanquished Creatures (others)
  3 fungi
  A plant (Lair:4)
4 creatures vanquished.

Grand Total: 516 creatures vanquished

Notes
Turn   | Place    | Note
-------+----------+-------------------------------------------
     0 | D:1      | floatRand the Demonspawn Gladiator began the quest for the
                  | Orb.
     0 | D:1      | Reached XP level 1. HP: 16/16 MP: 1/1
   287 | D:1      | Gained mutation: You regenerate a little health from kills.
                  | [demonic ancestry]
   287 | D:1      | Reached XP level 2. HP: 9/22 MP: 2/2
   765 | D:2      | Reached skill level 1 in Stealth
   779 | D:2      | Found a sacrificial altar of Ru.
   889 | D:2      | Reached XP level 3. HP: 10/27 MP: 3/3
  1095 | D:2      | Found a sparkling altar of Nemelex Xobeh.
  1095 | D:2      | Found a sacrificial altar of Ru.
  1096 | D:2      | Found a basalt altar of Yredelemnul.
  1344 | D:2      | Noticed Natasha
  1356 | D:2      | Killed Natasha
  1356 | D:2      | Gained mutation: You have large cloven feet. [demonic
                  | ancestry]
  1356 | D:2      | Reached XP level 4. HP: 19/33 MP: 4/4
  1498 | D:2      | Noticed Jessica
  1501 | D:2      | Killed Jessica
  1822 | D:2      | Noticed Natasha
  1831 | D:2      | Killed Natasha
  2081 | D:2      | Noticed Natasha
  2093 | D:2      | Killed Natasha
  2093 | D:2      | Gained mutation: You have a pair of small antennae on your
                  | head. [demonic ancestry]
  2093 | D:2      | Reached XP level 5. HP: 10/38 MP: 5/5
  2520 | D:3      | Found a hazy altar of Hepliaklqana.
  2768 | D:4      | Gained mutation: You regenerate health from kills. [demonic
                  | ancestry]
  2768 | D:4      | Reached XP level 6. HP: 44/44 MP: 6/6
  2848 | D:4      | Got a steaming war axe
  2849 | D:4      | Identified the +10 war axe of Wokyeg {freeze, +Rage Dex+2
                  | Stlth+} (You found it on level 4 of the Dungeon)
  3178 | D:4      | Found a staircase to the Ecumenical Temple.
  3188 | D:4      | Reached skill level 1 in Axes
  3196 | Temple   | Entered the Ecumenical Temple
  3235 | Temple   | Became a worshipper of Qazlal Stormbringer
  3613 | D:5      | Entered Level 5 of the Dungeon
  3618 | D:5      | Reached skill level 1 in Invocations
  3625 | D:5      | Noticed Sigmund
  3636 | D:5      | Killed Sigmund
  3636 | D:5      | Reached skill level 2 in Invocations
  3636 | D:5      | Gained mutation: You have sharp fingernails. [demonic
                  | ancestry]
  3636 | D:5      | Reached XP level 7. HP: 36/51 MP: 6/8
  3888 | D:5      | Reached skill level 3 in Invocations
  4289 | D:5      | Found a large runed translucent door.
  4290 | D:5      | Found a large runed translucent door.
  4290 | D:5      | Noticed bmj180's ghost (novice MiFi)
  4401 | D:6      | Found a white marble altar of Elyvilon.
  4415 | D:6      | Reached * piety under Qazlal
  4416 | D:6      | Found a shadowy altar of Dithmenos.
  4458 | D:6      | Reached skill level 1 in Shields
  4469 | D:6      | Reached skill level 4 in Invocations
  4469 | D:6      | Gained mutation: You have very sharp fingernails. [demonic
                  | ancestry]
  4469 | D:6      | Reached XP level 8. HP: 50/58 MP: 9/11
  4829 | D:6      | Reached skill level 5 in Invocations
  4928 | D:5      | Killed bmj180's ghost
  4928 | D:5      | Reached skill level 5 in Axes
  4988 | D:7      | Reached skill level 6 in Invocations
  5042 | D:7      | Reached ** piety under Qazlal
  5065 | D:7      | Reached XP level 9. HP: 55/64 MP: 14/14
  5085 | D:7      | Noticed Prince Ribbit
  5094 | D:7      | Killed Prince Ribbit
  5094 | D:7      | Reached skill level 7 in Invocations
  5127 | D:7      | Found a snail-covered altar of Cheibriados.
  5573 | D:7      | Reached skill level 8 in Invocations
  5858 | D:8      | Reached skill level 5 in Shields
  5882 | D:8      | Noticed a two-headed ogre
  5891 | D:8      | Killed a two-headed ogre
  5891 | D:8      | Reached skill level 9 in Invocations
  6043 | D:8      | Noticed a cyclops
  6052 | D:8      | Killed a cyclops
  6052 | D:8      | Reached XP level 10. HP: 20/70 MP: 15/17
  6055 | D:8      | Reached *** piety under Qazlal
  6558 | D:9      | Noticed Erica
  6563 | D:9      | Killed Erica
  6563 | D:9      | Reached skill level 10 in Invocations
  6664 | D:9      | Noticed Erolcha
  6691 | D:9      | Killed Erolcha
  6696 | D:9      | Reached skill level 11 in Invocations
  6771 | D:9      | Found a staircase to the Orcish Mines.
  6789 | D:9      | Noticed a two-headed ogre
  6800 | D:9      | Killed a two-headed ogre
  6800 | D:9      | Reached skill level 1 in Evocations
  6800 | D:9      | Reached XP level 11. HP: 73/75 MP: 19/19
  7234 | D:10     | Entered Level 10 of the Dungeon
  7295 | D:10     | Reached **** piety under Qazlal
  8455 | D:11     | Noticed a cyan ugly thing
  8459 | D:11     | Killed a cyan ugly thing
  8484 | D:11     | Reached skill level 12 in Invocations
  8514 | D:11     | Found Sinasch's Distillery.
  8541 | D:11     | Bought a potion of curing for 45 gold pieces
  8541 | D:11     | Bought 2 potions of curing for 90 gold pieces
  8541 | D:11     | Bought a potion of brilliance for 60 gold pieces
  8541 | D:11     | Bought a potion of might for 60 gold pieces
  8613 | D:11     | Reached ***** piety under Qazlal
  8630 | D:11     | Noticed a death yak
  8631 | D:11     | Noticed a death yak
  8634 | D:11     | Noticed a death yak
  8636 | D:11     | Noticed a death yak
  8639 | D:11     | Noticed a death yak
  8641 | D:11     | Killed a death yak
  8645 | D:11     | Noticed a death yak
  8648 | D:11     | Killed a death yak
  8651 | D:11     | Killed a death yak
  8668 | D:11     | Killed a death yak
  8670 | D:11     | Noticed a skeletal warrior
  8671 | D:11     | Noticed a skeletal warrior
  8671 | D:11     | Noticed a skeletal warrior
  8674 | D:11     | Killed a death yak
  8675 | D:11     | Reached skill level 5 in Evocations
  8684 | D:10     | Killed a death yak
  8684 | D:10     | Gained mutation: You are partially covered in sharp spines.
                  | [demonic ancestry]
  8684 | D:10     | Reached XP level 12. HP: 60/80 MP: 21/21
  8864 | D:11     | Found a staircase to the Lair.
  8886 | D:11     | Reached skill level 13 in Invocations
  9006 | D:11     | Reached skill level 10 in Axes
  9259 | D:11     | Reached skill level 1 in Armour
  9580 | D:12     | Noticed a two-headed ogre
  9587 | D:12     | Killed a two-headed ogre
  9587 | D:12     | Reached skill level 5 in Dodging
  9598 | D:12     | Noticed a two-headed ogre
  9609 | D:12     | Killed a two-headed ogre
  9610 | D:12     | Noticed Jorgrun
  9622 | D:12     | Killed Jorgrun
  9698 | D:12     | Found Wiaquafamn's Book Shoppe.
 10108 | Lair:1   | Entered Level 1 of the Lair of Beasts
 10191 | Lair:1   | Noticed a six-headed hydra
 10200 | Lair:1   | Killed a one-headed hydra
 10200 | Lair:1   | Reached XP level 13. HP: 56/85 MP: 23/23
 10581 | Lair:1   | Reached skill level 10 in Shields
 10585 | Lair:1   | Reached skill level 14 in Invocations
 10925 | Lair:2   | Reached ****** piety under Qazlal
 11482 | Lair:2   | Found a runed translucent gate.
 11483 | Lair:2   | Found a runed translucent gate.
 11484 | Lair:2   | Found a runed translucent gate.
 11485 | Lair:2   | Noticed a death ooze
 11485 | Lair:2   | Noticed Bojesaq's ghost (journeyman KoGl)
 11490 | Lair:2   | Found a viscous altar of Jiyva.
 12178 | Lair:3   | Found a hole to the Spider Nest.
 12403 | Lair:3   | Reached skill level 5 in Armour
 13238 | Lair:4   | Found a gate leading to a gauntlet.
 13247 | Gauntlet | Entered a Gauntlet
 13247 | Gauntlet | Found a transporter.
 13247 | Gauntlet | Found a transporter.
 13248 | Gauntlet | Found a transporter.
 13249 | Gauntlet | Found a transporter.
 13250 | Gauntlet | Found a transporter.
 13252 | Gauntlet | Found a transporter.
 13256 | Gauntlet | Found a runed translucent door.
 13258 | Gauntlet | Found a runed translucent door.
 13258 | Gauntlet | Found a transporter.
 13260 | Gauntlet | Found a transporter.
 13261 | Gauntlet | Found a transporter.
 13263 | Gauntlet | Found a transporter.
 13276 | Gauntlet | Found a transporter.
 13276 | Gauntlet | Found a transporter.
 13509 | Gauntlet | Gained mutation: You have hoof-like feet. [demonic
                  | ancestry]
 13509 | Gauntlet | Reached XP level 14. HP: 92/92 MP: 25/25
 13754 | Gauntlet | Identified the Almanac of Arcane Weapons
 14070 | Lair:4   | Found a staircase to the Shoals.
 14730 | Lair:5   | Reached skill level 15 in Invocations
 14938 | Lair:5   | Found a dark tunnel.
 14947 | Volcano  | Entered a volcano
 15372 | Lair:5   | Found a viscous altar of Jiyva.
 15372 | Lair:5   | Found a staircase to the Slime Pits.
 15518 | Lair:5   | Identified the cursed +0 hat of the Many Places {*Slow rF++
                  | rN+} (You found it on level 5 of the Lair of Beasts)
 15584 | Lair:6   | Entered Level 6 of the Lair of Beasts
 15609 | Lair:6   | Slain by a death yak

Levels and vault maps discovered:
D:1:      minmay_arrival_four_circles, layout_basic, minmay_misc_feat_tower
D:2:      layout_basic, gammafunk_temple_overflow_forgotten,
          nicolae_ru_sacrificial_ziggurat, uniq_jessica, uniq_natasha
D:3:      layout_rooms, nicolae_overflow_crystal_walls, first_ration
D:4:      layout_loops_corners, minmay_temple_entry_trees,
          kennysheep_generic_room_14
D:5:      layout_cave_pods, ebering_ghost_disaster_area, uniq_sigmund
D:6:      layout_basic, basic_altar, kennysheep_big_empty_room,
          grunt_dithmenos_smoke
D:7:      layout_layer_cave, lemuel_doored_altar, uniq_prince_ribbit1
D:8:      layout_cave_pools
D:9:      layout_loops_ring, orc_0_dummy, uniq_erica, uniq_erolcha
D:10:     layout_irregular_city
D:11:     layout_roguey, dpeg_lair_monsters, serial_shops,
          nicolae_shop_statue_plus
D:12:     layout_cross, serial_shops, shop_statue, uniq_jorgrun
Temple:   minmay_crystal_spiral_temple
Lair:1:   layout_cave_pods, grunt_megastairs_4
Lair:2:   layout_cave_pods, gammafunk_ghost_ooze
Lair:3:   layout_loops_ring, spider_nest_entry_webs, serial_bayou_shore_b,
          grunt_megastairs_2
Lair:4:   layout_cave_shapes, minmay_shoals_entry_lonely_mermaid,
          gauntlet_entry_generic, grunt_megastairs_5
Lair:5:   layout_big_grid, dpeg_slime_entry_enclosed_altar, enter_volcano_1,
          minivault_25, chequers_serial_rivers_room_b, beast_lair_carwin_7,
          lemuel_fruit_fields, serial_bayou_shore_b
Lair:6:   evilmike_catoblepas_cave, layout_regular_city, gammafunk_ghost_grave

Skill      XL: |  1  2  3  4  5  6  7  8  9 10 11 12 13 14 |
---------------+-------------------------------------------+-----
Long Blades    | 3 4 |  4.2
Dodging        | 3 4 5 7 |  7.9
Stealth        | 1 2 3 |  3.6
Axes           | 2 3 5 7 8 9 10 11 | 11.6
Invocations    | 2 4 6 9 11 12 13 14 15 | 15.3
Fighting       | 3 |  3.2
Shields        | 1 4 6 7 9 10 11 | 11.1
Evocations     | 1 5 6 8 9 |  9.2
Armour         | 3 5 6 |  6.3
Throwing       | |  1.7

Action                   |  1- 3 |  4- 6 |  7- 9 | 10-12 | 13-15 || total
-------------------------+-------+-------+-------+-------+-------++-------
Melee: Long sword        |    86 |    33 |       |       |       ||   119
       Kick              |       |    32 |    25 |    39 |       ||    96
       Scimitar          |       |    52 |       |     6 |       ||    58
       War axe           |       |    21 |   149 |   404 |   410 ||   984
Invok: Upheaval          |       |       |       |     4 |     2 ||     6
 Abil: Evoke Berserk Rag |       |       |       |     3 |       ||     3
Evoke: Wand              |       |       |     3 |       |       ||     3
  Use: Scroll            |       |     8 |     9 |     3 |    16 ||    36
 Stab: Sleeping          |     2 |     6 |     2 |       |       ||    10
       Distracted        |       |     2 |       |       |       ||     2
  Eat: Chunk             |     1 |     8 |     8 |    12 |    13 ||    42
       Ration            |       |       |       |     1 |     2 ||     3
Armor: Leather armour    |    22 |     2 |       |       |       ||    24
       Troll leather arm |       |    21 |    21 |    32 |    39 ||   113
       Chain mail        |       |       |       |       |     4 ||     4
Dodge: Dodged            |    72 |    75 |    79 |   117 |   111 ||   454
       Deflected         |       |       |       |     6 |     1 ||     7
Block: Shield            |       |       |    91 |   299 |   348 ||   738
       Rpst.: Long sword |    23 |     5 |       |       |       ||    28
       Scimitar          |       |    14 |       |       |       ||    14

Table legend:
 A = Non-vault XP
 B = Vault XP
 C = Vault XP percentage of total XP
 D = Non-vault monster count
 E = Vault monster count
 F = Vault count percentage of total count
                 A         B        C        D         E       F
            +---------+---------+-------+---------+---------+-------
      Total |   61776 |   26141 |  29.7 |     452 |      57 |  11.2
            +---------+---------+-------+---------+---------+-------
        D:1 |      18 |       0 |   0.0 |      11 |       0 |   0.0
        D:2 |     137 |      72 |  34.4 |      23 |       2 |   8.0
        D:3 |      80 |       0 |   0.0 |      15 |       0 |   0.0
        D:4 |     293 |       1 |   0.3 |      19 |       1 |   5.0
        D:5 |     433 |     686 |  61.3 |      15 |       2 |  11.8
        D:6 |     576 |       0 |   0.0 |      22 |       0 |   0.0
        D:7 |    1396 |     286 |  17.0 |      25 |       1 |   3.8
        D:8 |    2652 |       0 |   0.0 |      31 |       0 |   0.0
        D:9 |    3688 |    1903 |  34.0 |      31 |       2 |   6.1
       D:10 |    3335 |     868 |  20.7 |      32 |       1 |   3.0
       D:11 |    8344 |    4388 |  34.5 |      51 |       5 |   8.9
       D:12 |    5984 |    2731 |  31.3 |      42 |       1 |   2.3
     Lair:1 |    3662 |     563 |  13.3 |      19 |       2 |   9.5
     Lair:2 |    8224 |       0 |   0.0 |      37 |       0 |   0.0
     Lair:3 |    9081 |     893 |   9.0 |      26 |       5 |  16.1
     Lair:4 |    3190 |     662 |  17.2 |      15 |       3 |  16.7
     Lair:5 |    7210 |    3656 |  33.6 |      29 |      12 |  29.3
     Lair:6 |    3473 |     876 |  20.1 |       9 |       1 |  10.0
    Volcano |       0 |    2389 | 100.0 |       0 |       6 | 100.0
   Gauntlet |       0 |    6167 | 100.0 |       0 |      13 | 100.0
            +---------+---------+-------+---------+---------+-------
